AoeStats
← Bazenheftigderb

Nomad

506475449Analyzed
3v3 RM · 17d ago on Sep 13, 2026· 67m 54s· 6 players
Game mode
Random Map
Map size
210×210
Population
200
Speed
Normal
Resources
Standard
Victory
Conquest
Starting age
Dark Age
Ending age
Imperial Age
RankedLock teamsTeams togetherTeam positionsShared explorationLock speedFull tech treeHidden civsTurbo modeCheats
Victory
Defeat
🇧🇷 Mongols · Brazil
949
+14
🇧🇷 Huns · Brazil
905
+16
🇧🇷 Spanish · Brazil
843
+18
🇩🇪 Mongols · Germany
976
-19
🇩🇪 Saracens · Germany
918
-17
🇩🇪 Persians · Germany
795
-22
Sir Peat
3:47 Loom
4:45 Loom
5:48 Loom
6:11 Loom
7:02 Loom
14:44 Feudal Age
21:39 Castle Age
22:51 Fletching
23:17 Thumb Ring
24:55 Fishing Lines
26:23 Medium Warships
27:05 Double-Bit Axe
27:38 Gillnets
28:45 Squires
28:09 Elite Skirmisher
32:46 Ballistics
33:48 Pikeman
35:39 Padded Archer Armor
35:23 Treadmill Crane
37:01 Husbandry
37:12 Bloodlines
37:56 Bodkin Arrow
38:19 Leather Archer Armor
38:02 Murder Holes
38:48 Bodkin Arrow
39:51 Fortified Wall
39:33 Town Watch
40:07 Bow Saw
39:42 Horse Collar
40:54 Gold Mining
42:04 Forging
45:35 Imperial Age
43:42 Wheelbarrow
44:20 Iron Casting
45:37 Stone Mining
47:27 Chemistry
46:40 Masonry
47:28 Parthian Tactics
47:34 Heavy Camel Rider
49:53 Gold Shaft Mining
50:21 Two-Man Saw
49:24 Heavy Plow
49:50 Heavy Cavalry Archer
53:04 Bracer
53:34 Ring Archer Armor
53:06 Scale Mail Armor
54:06 Siege Engineers
56:08 Blast Furnace
55:55 Scale Barding Armor
56:06 Chain Mail Armor
58:17 Caravan
59:04 Chain Barding Armor
59:18 Town Patrol
59:34 Hand Cart
59:50 Plate Mail Armor
60:49 Coinage
61:25 Plate Barding Armor
61:34 Hoardings
63:55 Counterweights
67:21 Onager
Montezumas Rache
5:10 Loom
16:04 Feudal Age
20:35 Double-Bit Axe
21:24 Gold Mining
21:24 Stone Mining
21:24 Fishing Lines
26:52 Castle Age
25:09 Horse Collar
26:07 Wheelbarrow
27:38 Bow Saw
27:44 Gillnets
30:06 Scale Mail Armor
30:11 Scale Barding Armor
31:39 Ballistics
31:30 Masonry
31:26 Padded Archer Armor
31:17 Fletching
33:56 Murder Holes
34:43 Leather Archer Armor
34:24 Bodkin Arrow
36:02 Forging
36:30 Heavy Plow
36:52 Husbandry
37:07 Bloodlines
36:23 Elite Skirmisher
39:14 Iron Casting
39:07 Thumb Ring
40:04 Chain Mail Armor
45:27 Imperial Age
43:49 Chain Barding Armor
44:00 Heated Shot
44:59 Hand Cart
47:26 Chemistry
46:45 Town Watch
48:18 Architecture
48:15 Conscription
48:08 Kamandaran
49:04 Gold Shaft Mining
48:22 Crossbowman
49:26 Caravan
51:26 Crop Rotation
51:33 Coinage
57:58 Cavalier
58:00 Light Cavalry
61:17 Onager
67:04 Two-Man Saw
67:10 Clinker Construction
67:13 Careening
Bazenheftigderb
5:24 Loom
12:53 Loom
15:05 Feudal Age
15:59 Double-Bit Axe
22:35 Gold Mining
22:48 Padded Archer Armor
22:38 Fletching
26:32 Stone Mining
32:02 Castle Age
31:02 Fishing Lines
34:54 Leather Archer Armor
35:05 Masonry
36:39 Wheelbarrow
37:54 Elite Skirmisher
38:56 Bodkin Arrow
39:14 Bow Saw
43:37 Imperial Age
41:25 Hand Cart
42:14 Town Watch
45:27 Chemistry
44:50 Ballistics
47:11 Pikeman
48:02 Scale Mail Armor
48:13 Forging
49:18 Chain Mail Armor
49:24 Caravan
50:00 Squires
50:41 Iron Casting
56:09 Bracer
59:50 Squires
62:48 Town Patrol
66:38 Light Cavalry
GrooGrux King
16:00 Feudal Age
19:51 Castle Age
24:06 Double-Bit Axe
24:04 Horse Collar
26:39 Scale Barding Armor
35:38 Wheelbarrow
37:41 Heavy Plow
38:14 Bow Saw
39:31 Gold Mining
39:23 Light Cavalry
43:52 Imperial Age
41:40 Hand Cart
40:53 Demolition Ship
42:04 Loom
42:06 Town Watch
44:58 Cavalier
45:04 Hussar
45:51 Husbandry
46:01 Bloodlines
46:20 Heavy Demolition Ship
47:13 Medium Warships
48:34 Paladin
49:47 Chain Barding Armor
49:30 Scale Mail Armor
50:07 Caravan
50:38 Coinage
50:18 Guilds
50:40 Heavy Warships
50:18 Town Patrol
51:37 Elite Tarkan
55:18 Plate Barding Armor
54:44 Padded Archer Armor
55:02 Chain Mail Armor
56:46 Padded Archer Armor
56:59 Forging
slvitor
7:38 Loom
13:54 Feudal Age
19:02 Castle Age
18:06 Double-Bit Axe
18:11 Fishing Lines
19:04 Stone Mining
20:27 Wheelbarrow
20:11 Bow Saw
21:50 Fletching
22:45 Gold Mining
24:20 Bodkin Arrow
25:31 Scale Barding Armor
27:48 Husbandry
30:59 Imperial Age
29:04 Bloodlines
29:08 Horse Collar
32:01 Bracer
34:23 Chain Barding Armor
36:45 Gold Shaft Mining
37:30 Ballistics
37:22 Capped Ram
39:47 Wheelbarrow
40:25 Conscription
40:30 Drill
41:17 Chemistry
40:35 Light Cavalry
41:29 Padded Archer Armor
45:18 Forging
45:21 Hussar
46:39 Iron Casting
49:24 Nomads
50:35 Blast Furnace
50:38 Heavy Plow
50:27 Town Watch
54:00 Elite Mangudai
57:53 Siege Engineers
59:04 Siege Ram
63:08 Stone Shaft Mining
62:59 Hand Cart
66:34 Elite Steppe Lancer
Chico
13:08 Loom
15:14 Feudal Age
19:05 Castle Age
18:03 Double-Bit Axe
18:02 Horse Collar
20:05 Gold Mining
21:52 Stone Mining
23:30 Bow Saw
25:07 Heavy Plow
29:55 Scale Barding Armor
29:51 Scale Mail Armor
30:54 Wheelbarrow
33:40 Chain Barding Armor
33:35 Chain Mail Armor
35:10 Hand Cart
39:20 Imperial Age
38:09 Forging
40:07 Husbandry
40:17 Bloodlines
40:15 Elite Conquistador
41:16 Conscription
43:04 Plate Barding Armor
43:00 Plate Mail Armor
46:14 Iron Casting
46:52 Thumb Ring
46:10 Elite Skirmisher
47:35 Padded Archer Armor
47:25 Fletching
48:29 Hoardings
49:32 Chemistry
51:12 Leather Archer Armor
50:52 Bodkin Arrow
Connection lost

Rejoining the realm…

Still unreachable

The connection could not be restored.

Session expired

The server has moved on; the page needs a fresh start.